 Dungeon Crawl Stone Soup version 0.26-a0-649-gf8c6c3aab7 (webtiles) character file.

Game seed: 10406605570296904215

6111 smeego the Slasher (level 10, -5/68 HPs)
             Began as an Octopode Fighter on Sept 27, 2020.
             Was a Follower of Dithmenos.
             Slain by a gargoyle
             ... wielding a +0 mace
              (20 damage)
             ... on level 9 of the Dungeon.
             The game lasted 00:11:52 (11243 turns).

smeego the Slasher (Octopode Fighter)              Turns: 11243, Time: 00:11:53

Health: -5/68      AC:  1    Str: 19    XL:     10   Next: 89%
Magic:  13/13      EV: 13    Int: 11    God:    Dithmenos [*.....]
Gold:   408        SH: 10    Dex: 11    Spells: 12/13 levels left

rFire    + . .     SeeInvis .   l - +2 long sword (flame)
rCold    . . .     Faith    .   b - +0 kite shield
rNeg     . . .     Spirit   .   (helmet restricted)
rPois    .         Reflect  .   (no amulet)
rElec    .         Harm     .   s - ring of protection from fire
rCorr    .         Rampage  .   (no ring)
MR       .....                  (no ring)
Stlth    +++++.....             (no ring)
HPRegen  0.21/turn              (no ring)
MPRegen  0.13/turn              (no ring)
                                (no ring)
                                (no ring)

@: hasted, wreathed by umbra, lightly drained, very quick
A: almost no armour, stealthy swim, amphibious, 8 rings, constrict 8, camouflage
1, gelatinous body 1
a: Renounce Religion


You were on level 9 of the Dungeon.
You worshipped Dithmenos.
Dithmenos was aware of your devotion.
You visited 2 branches of the dungeon, and saw 10 of its levels.

You collected 408 gold pieces.

Inventory:

Hand Weapons
 l - a +2 long sword of flaming (weapon)
 p - a +2 dagger
 B - a cursed +3 short sword of freezing
Missiles
 c - 4 curare-tipped darts
 f - 130 sling bullets
 y - 6 boomerangs
 z - 39 stones
 C - 9 poisoned darts (quivered)
Armour
 b - a +0 kite shield (worn)
Magical Staves
 e - an uncursed staff of poison
 D - an uncursed staff of fire {unknown}
Jewellery
 s - a ring of protection from fire (left tentacle)
Wands
 h - a wand of digging (6)
 n - a wand of iceblast (5)
 r - a wand of random effects (28)
 t - a wand of disintegration (12)
Scrolls
 a - a scroll of fear
 i - 4 scrolls of remove curse
 m - 2 scrolls of fog
 o - 3 scrolls of teleportation
 q - a scroll of immolation
 w - a scroll of enchant weapon
 A - 2 scrolls of acquirement {unknown}
Potions
 d - 2 potions of flight
 g - 3 potions of brilliance
 k - a potion of cancellation
 u - a potion of magic


   Skills:
 + Level 6.0(5.8) Fighting
 + Level 7.2(7.0) Long Blades
 - Level 4.1(4.0) Throwing
 + Level 6.0(5.8) Dodging
 + Level 7.2(7.0) Stealth
 + Level 5.9(5.8) Shields
 + Level 4.8(4.7) Unarmed Combat
 + Level 2.1(2.0) Spellcasting
 * Level 3.5(3.3) Earth Magic
 + Level 3.2(3.1) Invocations
 + Level 5.1(4.9) Evocations


You had 12 spell levels left.
You knew the following spells:

 Your Spells              Type           Power        Failure   Level
a - Sandblast             Erth           #.....       24%         1

Your spell library contained the following spells:

 Spells                   Type           Power        Failure   Level
 Passwall                 Tmut/Erth      #.......     56%         2
 Stone Arrow              Conj/Erth      #.....       80%         3
 Petrify                  Tmut/Erth      #.......     99%         4
 Lee's Rapid Deconstruct  Erth           #.........   100%        5


Dungeon Overview and Level Annotations

Branches:
Dungeon (9/15)             Temple (1/1) D:6
   Lair: D:8-11         Orc: D:9-12

Altars:
Ashenzari
Cheibriados
Dithmenos
Elyvilon
Fedhas
Gozag
Hepliaklqana
Kikubaaqudgha
Makhleb
Nemelex Xobeh
Okawaru
Qazlal
Ru
Sif Muna
Trog
Uskayaw
Vehumet
Wu Jian
Xom
Yredelemnul
Zin

Shops:
D:4 ?   D:6 (   D:9 [

Annotations:
D:3 1 runed translucent door, Crazy Yiuf


Innate Abilities, Weirdness & Mutations

You cannot wear most types of armour.
You are very stealthy in the water. (Stealth+)
You are amphibious.
You can wear up to eight rings at the same time.
You can use your tentacles to constrict eight enemies at once.
Your skin changes colour to match your surroundings (Stealth+).
Your rubbery body absorbs attacks. (AC +1, EV +1)


Message History

You constrict the gargoyle, but do no damage.
The gargoyle hurls a stone arrow at you.
You block the stone arrow.
You hit the gargoyle but do no damage.
The gargoyle is lightly damaged.
You constrict the gargoyle. You hit the gargoyle but do no damage.
The gargoyle is lightly damaged.
You constrict the gargoyle, but do no damage.
The gargoyle hits you with a +0 mace!
* * * LOW HITPOINT WARNING * * *
You hit the gargoyle but do no damage.
The gargoyle is lightly damaged.
Your surroundings seem slightly different.
You lose your grip on the gargoyle.
Unknown command.
You hit the gargoyle. You burn the gargoyle. You grab the gargoyle.
The gargoyle is moderately damaged.
You constrict the gargoyle. The gargoyle hits you with a +0 mace!!
You die...

#...#.# ##.##
#.##.##.# <...#.#
#.# #.......#
#.###.# #.#
####.#### #.#
##+# #†# #.#
##...# ######[#
... #.....#
#......# ...
.......##...#.##
....
........#......#
...
.......9@.......#
..............>##
...............#
......###...####
.#...# #.![#
..... #...# ....
##.## ...! .#


You could see a gargoyle.

Vanquished Creatures
  Harold (D:8)
  A two-headed ogre (D:8)
  Joseph (D:8)
  Maggie (D:6)
  Prince Ribbit (D:8)
  A hippogriff (D:8)
  Sigmund (D:5)
  A wyvern (D:8)
  Eustachio (D:4)
  A water moccasin (D:9)
  Duvessa (D:5)
  An orc warrior (D:6)
  2 sky beasts
  7 ogres
  A phantom (D:5)
  2 centaurs
  Blork the orc (D:5)
  5 bullfrogs
  Dowan (D:5)
  A water moccasin zombie (D:6)
  3 killer bees
  9 wights
  4 howler monkeys
  A jelly (D:6)
  3 hounds
  2 orc priests (D:6)
  A quasit (D:8)
  4 iguanas
  Terence (D:2)
  5 orc wizards
  4 worker ants
  A killer bee zombie (D:7)
  2 hound zombies
  A howler monkey skeleton (D:4)
  4 gnolls
  11 adders
  3 shadow imps (D:8)
  A white imp (D:7)
  3 adder zombies
  3 worms
  2 dart slugs
  7 leopard geckos
  19 orcs
  8 bats
  6 giant cockroaches
  8 goblins
  9 hobgoblins
  8 jackals
  4 quokkas
  A ball python (D:3)
  2 frilled lizards
  6 kobolds
  3 rats
181 creatures vanquished.

Notes
Turn   | Place    | Note
-------+----------+-------------------------------------------
     0 | D:1      | smeego the Octopode Fighter began the quest for the Orb.
     0 | D:1      | Reached XP level 1. HP: 16/16 MP: 1/1
    71 | D:1      | Reached XP level 2. HP: 19/21 MP: 2/2
   243 | D:1      | Reached skill level 1 in Stealth
   962 | D:2      | Reached XP level 3. HP: 24/26 MP: 3/3
  1517 | D:2      | Reached skill level 1 in Throwing
  1650 | D:2      | Reached XP level 4. HP: 24/31 MP: 4/4
  1915 | D:2      | Reached skill level 1 in Unarmed Combat
  2012 | D:2      | Noticed Terence
  2022 | D:2      | Killed Terence
  2164 | D:3      | Reached XP level 5. HP: 31/36 MP: 5/5
  2358 | D:3      | Found a white marble altar of Elyvilon.
  2453 | D:3      | Found a runed translucent door.
  2454 | D:3      | Noticed Crazy Yiuf
  3414 | D:4      | Found Geotid's Magic Scroll Shop.
  3528 | D:4      | Reached skill level 1 in Evocations
  3528 | D:4      | Reached XP level 6. HP: 39/42 MP: 6/6
  3590 | D:4      | Noticed Eustachio
  3599 | D:4      | Killed Eustachio
  3888 | D:4      | Reached XP level 7. HP: 47/47 MP: 7/7
  4417 | D:5      | Entered Level 5 of the Dungeon
  4794 | D:5      | Noticed Blork the orc
  4807 | D:5      | Killed Blork the orc
  4807 | D:5      | Reached XP level 8. HP: 22/54 MP: 8/8
  5255 | D:5      | Reached skill level 5 in Long Blades
  5488 | D:5      | Noticed Sigmund
  5495 | D:5      | Noticed Dowan
  5497 | D:5      | Noticed Duvessa
  5538 | D:5      | Killed Duvessa
  5545 | D:5      | Killed Dowan
  5574 | D:5      | Killed Sigmund
  5851 | D:5      | Found a broken altar of Ashenzari.
  5901 | D:5      | Found an opulent altar of Gozag.
  5949 | D:6      | Noticed Maggie
  5959 | D:6      | Killed Maggie
  5959 | D:6      | Reached XP level 9. HP: 52/59 MP: 9/9
  5968 | D:6      | Reached skill level 5 in Stealth
  6373 | D:6      | Reached skill level 5 in Fighting
  6655 | D:6      | Reached skill level 5 in Dodging
  6655 | D:6      | Reached skill level 5 in Shields
  6824 | D:6      | Found a staircase to the Ecumenical Temple.
  6838 | Temple   | Entered the Ecumenical Temple
  6845 | Temple   | Became a worshipper of Dithmenos the Shadowed
  6890 | D:6      | Found Balumeze's Weapon Shoppe.
  7389 | D:7      | Found an ancient bone altar of Kikubaaqudgha.
  7497 | D:7      | Reached skill level 1 in Invocations
  7755 | D:7      | Found an ornate altar of the Wu Jian Council.
  8082 | D:7      | Found an opulent altar of Gozag.
  8083 | D:7      | Found a sparkling altar of Nemelex Xobeh.
  8134 | D:7      | Found an iron altar of Okawaru.
  8566 | D:8      | Learned a level 1 spell: Sandblast
  8627 | D:8      | Noticed Joseph
  8634 | D:8      | Killed Joseph
  8634 | D:8      | Reached skill level 1 in Earth Magic
  8634 | D:8      | Reached XP level 10. HP: 40/66 MP: 11/11
  8768 | D:8      | Reached * piety under Dithmenos
  8838 | D:8      | Reached skill level 1 in Spellcasting
  9627 | D:8      | Noticed Harold
  9659 | D:8      | Killed Harold
 10240 | D:8      | Noticed a two-headed ogre
 10248 | D:8      | Killed a two-headed ogre
 10248 | D:8      | Reached skill level 5 in Evocations
 10449 | D:9      | Noticed Prince Ribbit
 10517 | D:8      | Killed Prince Ribbit
 11194 | D:9      | Found Jakaed's Antique Armour Emporium.
 11232 | D:9      | Noticed a gargoyle
 11243 | D:9      | Slain by a gargoyle

Illustrated notes

Levels and vault maps discovered:
D:1:      minmay_arrival_semitransparent, layout_basic
D:2:      layout_rooms, minmay_strange_pillars, minmay_box_of_dots, uniq_terence
D:3:      layout_basic, elyvilon_altar_1, kennysheep_generic_room_14,
          uniq_crazy_yiuf_cottage
D:4:      layout_loops_ring, serial_shops, nicolae_shop_statue_plus,
          dk_noncrumbling_4, uniq_eustachio
D:5:      layout_basic, cheibrodos_ashenzari_chains, basic_altar,
          minmay_stone_trees_medium, uniq_sigmund, uniq_duvessa,
          uniq_blork_the_orc
D:6:      layout_rooms, minmay_temple_entry_slanted, serial_shops,
          shop_fountains, uniq_maggie
D:7:      layout_gridville, grunt_temple_overflow_opulence,
          lemuel_crystal_altar, old_standard_altar, serial_co_window_serial,
          co_window_corner_a, co_window_paths_a, co_window_corner_a,
          co_window_paths_a, co_window_paths_a, co_window_corner_a,
          co_window_of_opportunity_b, co_window_of_opportunity_b,
          co_window_2corner, glass_columns_a, glass_columns_a,
          okawaru_altar_gauntlet_db
D:8:      layout_loops_corners, uniq_harold, uniq_joseph
D:9:      layout_loops_corners, nicolae_overflow_hidden_temple, serial_shops,
          shop, chequers_jeans, minmay_misc_feat_iff, disabler_island,
          uniq_prince_ribbit1
Temple:   nicolae_temple_no_exploring_needed

Skill      XL: |  1  2  3  4  5  6  7  8  9 10 |
---------------+-------------------------------+-----
Stealth        | 1 2 3 4 6 7 |  7.2
Throwing       | 1 2 3 4 |  4.1
Long Blades    | 3 4 5 6 7 |  7.2
Unarmed Combat | 1 2 3 4 |  4.8
Evocations     | 1 2 3 4 5 |  5.1
Shields        | 4 5 |  5.9
Fighting       | 4 5 6 |  6.0
Dodging        | 4 5 6 |  6.0
Invocations    | 2 3 |  3.2
Earth Magic    | 1 3 |  3.5
Spellcasting   | 2 |  2.1

Action                   |  1- 3 |  4- 6 |  7- 9 | 10-12 || total
-------------------------+-------+-------+-------+-------++-------
Melee: Long sword        |    45 |    84 |   116 |    83 ||   328
       Tentacles         |     8 |    20 |    45 |    23 ||    96
       Constrict         |    14 |    27 |    39 |    20 ||   100
       Punch             |     1 |     2 |     6 |     4 ||    13
       Falchion          |       |     7 |    97 |       ||   104
       Unarmed           |       |       |     7 |       ||     7
       Dagger            |       |       |     1 |     8 ||     9
Throw: Dart              |       |       |       |     7 ||     7
Evoke: Wand              |       |       |     2 |     8 ||    10
  Use: Scroll            |     1 |       |    12 |     6 ||    19
       Potion            |       |       |     7 |     2 ||     9
 Stab: Sleeping          |     6 |    10 |    11 |     8 ||    35
       Paralysed         |       |       |       |     3 ||     3
Armor: Skin              |     5 |     8 |    98 |     3 ||   114
Dodge: Dodged            |    24 |    59 |    96 |    52 ||   231
Block: Kite shield       |    15 |    46 |   120 |    47 ||   228
       Rpst.: Long sword |     8 |    19 |    14 |    16 ||    57
       Falchion          |       |     2 |    12 |       ||    14

Table legend: (Time is in decaauts)
 A = Elapsed time spent in this place.
 B = Non-inter-level travel time spent in this place.
 C = Inter-level travel time spent in this place.
 D = Time resting spent in this place.
 E = Time spent auto-exploring this place.
 F = Levels seen in this place.
 G = Mean time per level.
                   A        B        C        D        E       F      G
               +--------+--------+--------+--------+--------+-----+--------+
         Total |  11318 |  10965 |    353 |   1864 |   7662 |  10 | 1131.8 |
       Dungeon |  11303 |  10950 |    353 |   1864 |   7662 |   9 | 1255.9 |
        Temple |     14 |     14 |      0 |      0 |      0 |   1 |   14.0 |
               +--------+--------+--------+--------+--------+-----+--------+

Top non-repeatable levels by time:
     D:8: 2372 daAuts
     D:5: 1542 daAuts
     D:6: 1420 daAuts
     D:2: 1213 daAuts
     D:3: 1185 daAuts
     D:4: 1100 daAuts
     D:7: 1099 daAuts
     D:1: 962 daAuts
     D:9: 407 daAuts
  Temple: 14 daAuts
